 Dungeon Crawl Stone Soup version 0.29-a0-575-g0dc89cf053 (webtiles) character file.

Game seed: 15090176909981743503

27120 frimble the Basher (level 14, -13/122 HPs)
             Began as a Meteoran Fighter on June 13, 2022.
             Was a High Priest of Okawaru.
             Mangled by a cane toad (17 damage)
             ... on level 3 of the Lair of Beasts.
             The game lasted 00:22:43 (5239 turns).

frimble the Basher (Meteoran Fighter)               Turns: 5239, Time: 00:22:43

Health: -13/122    AC: 10    Str: 18    XL:     14   Next: 1%
Magic:  6/22       EV: 15    Int: 18    God:    Okawaru [*****.]
Gold:   1607       SH: 13    Dex: 13    Spells: 6/13 levels left

rFire   . . .      SeeInvis +   d - +6 morningstar (freeze)
rCold   . . .      Faith    .   j - +0 kite shield
rNeg    . . .      Spirit   .   m - +0 troll leather armour
rPois   .          Reflect  .   (no helmet)
rElec   .          Harm     .   (no cloak)
rCorr   +          Rampage  .   s - +1 pair of gloves
Will    +....                   K - +1 pair of boots
Stlth   +.........              t - amulet of the acrobat
HPRegen 1.10/turn               v - ring of see invisible
MPRegen 0.18/turn               y - ring of resist corrosion

@: lethally poisoned (-13 -> -46), heroic, glowing
A: sense surroundings 2, otherworldly, glowing, explore regen, clever 1,
MP-powered wands
a: Renounce Religion, Heroism, Finesse, Duel


You were on level 3 of the Lair of Beasts.
You worshipped Okawaru.
Okawaru was extremely pleased with you.
You visited 3 branches of the dungeon, and saw 15 of its levels.
You also visited: Bailey.

You collected 1607 gold pieces.

Inventory:

Hand Weapons
 a - a +0 war axe
 d - a +6 morningstar of freezing (weapon)
 C - the +9 whip "Caer" {vorpal, rN+ Dex+3}
   (You found it on level 6 of the Dungeon)

   It inflicts extra damage upon your enemies.
   Dex:       It affects your dexterity (+3).
   rN:        It protects you from negative energy.
Missiles
 g - 23 boomerangs (quivered)
 q - 128 stones
 w - 3 javelins
 J - 5 silver boomerangs
 N - 4 atropa-tipped darts
Armour
 j - a +0 kite shield (worn)
 m - a +0 troll leather armour (worn)
 p - a +1 chain mail of willpower
 s - a +1 pair of gloves (worn)
 E - a +3 leather armour of poison resistance
 I - a +1 robe of cold resistance
 K - a +1 pair of boots (worn)
Jewellery
 b - an amulet of regeneration
 t - an amulet of the acrobat (around neck)
 v - a ring of see invisible (left hand)
 x - a +6 ring of strength
 y - a ring of resist corrosion (right hand)
 A - a +4 ring of slaying
 H - a ring of ice
Wands
 z - a wand of paralysis (5)
 F - a wand of flame (9)
 L - a wand of mindburst (4)
 M - a wand of iceblast (4)
Scrolls
 c - a scroll of magic mapping
 f - a scroll of fear
 h - a scroll of poison
 i - 2 scrolls of brand weapon
 r - 2 scrolls of immolation
 D - a scroll of summoning
Potions
 e - 2 potions of cancellation
 k - 3 potions of mutation
 l - 2 potions of curing
 n - 3 potions of haste
 u - 5 potions of brilliance
 B - a potion of might
 G - 4 potions of magic


   Skills:
 + Level 10.7(15.7) Fighting
 - Level 3.8(14.2) Axes
 + Level 14.1(19.3) Maces & Flails
 - Level 10.0(15.0) Throwing
 - Level 4.0(9.0) Armour
 - Level 5.0(10.0) Dodging
 + Level 11.2(16.2) Shields
 + Level 5.1 Necromancy
 + Level 2.3 Transmutations
 + Level 5.6 Earth Magic
 + Level 9.6 Invocations
 - Level 5.1 Evocations


You had 6 spell levels left.
You knew the following spells:

 Your Spells              Type           Power      Damage    Failure   Level
a - Borgnjor's Vile Clut  Necr/Erth      9%         N/A       78%         5
b - Passwall              Tmut/Erth      11%        N/A       12%         2

Your spell library contained the following spells:

 Spells                   Type           Power      Damage    Failure   Level
 Sandblast                Erth           40%        2d10      4%          1
 Stone Arrow              Conj/Erth      20%        3d8       38%         3
 Ice Form                 Ice/Tmut       4%         N/A       95%         4
 Hailstorm                Conj/Ice       0%         3d3       99%         4
 Alistair's Intoxication  Tmut/Pois      2%         N/A       100%        5
 Fireball                 Conj/Fire      0%         3d3       100%        5
 Iskenderun's Battlesphe  Conj           0%         2d6       100%        5
 Conjure Ball Lightning   Conj/Air       0%         3x3d6     100%        6
 Eringya's Noxious Bog    Tmut/Pois      2%         N/A       100%        6
 Orb of Destruction       Conj           0%         9d5       100%        7
 Animate Dead             Necr           Unusable   N/A       N/A         4
 Death Channel            Necr           Unusable   N/A       N/A         6
 Simulacrum               Ice/Necr       Unusable   N/A       N/A         6

Dungeon Overview and Level Annotations

Branches:
Dungeon (11/15)            Temple (1/1) D:6            Lair (3/6) D:10
 Bailey (visited)
  Swamp: Lair:2-4    Shoals: Lair:2-4     Snake: Lair:2-4    Spider: Lair:2-4
    Orc: D:9-12

Altars:
Cheibriados
Dithmenos
Fedhas
Kikubaaqudgha
Makhleb
Okawaru
Uskayaw
Yredelemnul

Shops:
D:2 ?   D:7 (

Annotations:
Lair:3 Sonja


Innate Abilities, Weirdness & Mutations

You passively map the area around you.
You are easily found by Zot.
You glow in the dark.
You regain HP and MP as you explore.
Your mind is acute. (Int +2)
You expend magic power (3 MP) to strengthen your wands.


Message History

The water moccasin poisons you! You block Sonja's attack.
Sonja hits you but does no damage.
You are more poisoned.
Sonja closely misses you. The cane toad barely misses you.
You feel better. The water moccasin closely misses you.
Sonja barely misses you. Sonja hits you but does no damage.
You are poisoned.
Sonja barely misses you. You block the cane toad's attack. x2
The water moccasin bites you.
Aiming: Paralyse
Press: ? - help, Shift-Dir - straight line, f/p - Sonja
Aim: Sonja, wielding a +0 dagger of venom, quivering curare-tipped darts and carrying a wand of iceblast (3) (chance to affect: 75%)
You feel a surge of power!
Sonja suddenly stops moving!
You feel very sick.
The cane toad stings you but does no damage.
The cane toad stings you. The water moccasin bites you.
You are more poisoned.
The water moccasin poisons you!
Aiming: Paralyse
Press: ? - help, Shift-Dir - straight line, f - cane toad, p - Sonja
Aim: a cane toad (chance to affect: 67%)
You feel a surge of power!
The cane toad struggles to resist.
You feel very sick. You block the cane toad's attack.
The water moccasin bites you. The cane toad stings you.
* * * LOW HITPOINT WARNING * * *
You are more poisoned.
The cane toad poisons you! The cane toad stings you!
* * * LOW HITPOINT WARNING * * *
You are more poisoned.
The cane toad poisons you!
Aiming: Paralyse
Press: ? - help, Shift-Dir - straight line, p - cane toad You feel a surge of power!
The cane toad struggles to resist.
* * * LOW HITPOINT WARNING * * *
You feel extremely sick. The water moccasin bites you!
* * * LOW HITPOINT WARNING * * *
The cane toad stings you!
You die...

,, , ,, * ,, , ... *..## ,
, ####.## *, #..>. , , **
#####..... # #.....* , ,
.......... .##.#..#. ,
....#..###.>.....# , ,,, ,
...#...#........,,* ,
##########.#.#.#FF......,,
* .............<.S@K......
, P..#.###...#.###./......
* ...#####################
* #PD#♣♣.♣♣ ♣...♣..♣ ♣♣♣ *
, ##.#♣.♣.♣♣♣♣.♣♣.♣†♣♣.. *
#.F.†♣♣♣...♣♣.♣♣♣♣⌠♣.♣, *
,, ...#♣.♣.♣♣♣.♣.♣ ♣.♣.♣*
* ...#♣♣F♣♣ ♣♣..♣ ♣♣...♣ *
, ...# ### #### ♣.♣### * *


You could see 2 cane toads, Sonja (paralysed) and a water moccasin.

Vanquished Creatures
  An orc warlord (Bailey)
  A boulder beetle (D:10)
  Fannar (D:10)
  2 hydras (Lair:3)
  3 two-headed ogres
  A skeletal warrior (D:10)
  2 orc knights
  A deep elf pyromancer (D:10)
  A cyclops (D:10)
  An ugly thing (D:10)
  Joseph (D:8)
  5 cane toads
  A black mamba (Lair:3)
  An unseen horror (D:10)
  A kobold demonologist (D:10)
  A komodo dragon (Lair:3)
  A yaktaur (D:10)
  A rime drake (Lair:2)
  Grinder (D:6)
  3 trolls (D:10)
  2 polar bears
  Prince Ribbit (D:7)
  A slime creature (D:10)
  A shadow (D:9)
  A yak (shapeshifter) (D:10)
  3 wyverns
  Eustachio (D:6)
  3 steam dragons
  5 basilisks
  20 yaks
  A vampire mosquito (D:10)
  2 acid dragons (D:8)
  10 water moccasins
  An ice beast (D:5)
  9 orc warriors
  2 black bears (Lair:2)
  A boggart (D:10)
  2 ogres (D:5)
  A phantom (D:6)
  2 kobold brigands
  4 bullfrogs (Lair:3)
  A necrophage (D:4)
  2 scorpions
  9 killer bees
  2 howler monkeys (D:8)
  2 jellies
  3 hounds
  2 orc priests
  A gnoll shaman (D:7)
  An iguana (D:6)
  Terence (D:2)
  7 orc wizards
  Natasha (twice) (D:3)
  15 gnolls
  12 adders
  2 shadow imps
  2 white imps (D:7)
  An ufetubus (D:3)
  A worm (D:4)
  3 dart slugs
  34 orcs
  2 endoplasms (D:3)
  11 giant cockroaches (D:3)
  17 goblins
  20 hobgoblins
  A quokka (D:4)
  3 ball pythons
  3 bats
  3 frilled lizards
  10 kobolds
  5 rats
281 creatures vanquished.

Vanquished Creatures (others)
  An orc wizard (D:7)
  2 fungi (Lair:1)
  4 plants
7 creatures vanquished.

Grand Total: 288 creatures vanquished

Notes
Turn   | Place    | Note
-------+----------+-------------------------------------------
     0 | D:1      | frimble the Meteoran Fighter began the quest for the Orb.
     0 | D:1      | Reached XP level 1. HP: 19/19 MP: 2/2
   120 | D:1      | Reached XP level 2. HP: 25/26 MP: 3/3
   288 | D:2      | Reached XP level 3. HP: 31/31 MP: 4/4
   364 | D:2      | Found Moc Gaot's Magic Scroll Shop.
   388 | D:2      | Reached XP level 4. HP: 24/40 MP: 5/5
   399 | D:2      | Noticed Terence
   406 | D:2      | HP: 2/40 [Terence/+5 morningstar (10)]
   407 | D:2      | Killed Terence
   408 | D:2      | Reached XP level 5. HP: 2/46 MP: 6/6
   472 | D:2      | Reached skill level 1 in Throwing
   766 | D:3      | Reached skill level 1 in Maces & Flails
   800 | D:3      | Reached skill level 5 in Shields
   800 | D:3      | Reached XP level 6. HP: 42/52 MP: 7/7
   893 | D:3      | Reached skill level 2 in Maces & Flails
  1135 | D:4      | Found a shadowy altar of Dithmenos.
  1222 | D:3      | Found a faded altar of an unknown god.
  1276 | D:3      | Found an ancient bone altar of Kikubaaqudgha.
  1291 | D:3      | Noticed Natasha
  1302 | D:3      | Killed Natasha
  1379 | D:3      | Noticed Natasha
  1381 | D:3      | Killed Natasha
  1382 | D:3      | Reached skill level 3 in Maces & Flails
  1382 | D:3      | Reached XP level 7. HP: 59/59 MP: 8/8
  1453 | D:5      | Entered Level 5 of the Dungeon
  1470 | D:5      | Reached skill level 4 in Maces & Flails
  1730 | D:5      | Reached XP level 8. HP: 47/66 MP: 9/9
  1768 | D:5      | Reached skill level 5 in Maces & Flails
  1853 | D:5      | Reached skill level 5 in Throwing
  1853 | D:5      | Gained mutation: Your mind is acute. (Int +2) [potion of
                  | mutation]
  1853 | D:5      | Gained mutation: You expend magic power (3 MP) to
                  | strengthen your wands. [potion of mutation]
  1971 | D:6      | Identified the +9 whip "Caer" {vorpal, rN+ Dex+3}
  2021 | D:6      | Found a staircase to the Ecumenical Temple.
  2030 | Temple   | Entered the Ecumenical Temple
  2036 | Temple   | Became a worshipper of Warmaster Okawaru
  2153 | D:6      | Noticed Eustachio
  2164 | D:6      | Reached skill level 1 in Invocations
  2166 | D:6      | Reached skill level 1 in Evocations
  2178 | D:6      | Reached skill level 1 in Dodging
  2416 | D:6      | Killed Eustachio
  2417 | D:6      | Reached skill level 6 in Maces & Flails
  2417 | D:6      | Gained mutation: You passively map the area around you.
                  | [Meteoran growth]
  2417 | D:6      | Reached XP level 9. HP: 71/71 MP: 4/11
  2450 | D:7      | Found Timul Fog's Weapon Shoppe.
  2494 | D:6      | Noticed Grinder
  2496 | D:6      | Paralysed by Grinder for 3 turns
  2510 | D:6      | Killed Grinder
  2510 | D:6      | Reached * piety under Okawaru
  2560 | D:7      | Noticed Prince Ribbit
  2580 | D:7      | Killed Prince Ribbit
  2766 | D:8      | Identified a scroll of acquirement
  2766 | D:8      | Acquired 836 gold pieces
  2778 | D:8      | Noticed a two-headed ogre
  2792 | D:8      | Killed a two-headed ogre
  2792 | D:8      | Reached ** piety under Okawaru
  2793 | D:8      | Reached skill level 7 in Maces & Flails
  2793 | D:8      | Reached XP level 10. HP: 44/78 MP: 11/14
  2802 | D:8      | Reached skill level 5 in Invocations
  2874 | D:8      | Found a basalt altar of Yredelemnul.
  2898 | D:8      | Found a flagged portal.
  2910 | D:8      | Reached *** piety under Okawaru
  2919 | D:8      | Noticed Joseph
  2938 | D:8      | Killed Joseph
  2967 | Bailey   | Entered a bailey
  3019 | Bailey   | Reached skill level 8 in Maces & Flails
  3019 | Bailey   | Reached skill level 5 in Evocations
  3058 | Bailey   | Reached skill level 5 in Dodging
  3064 | Bailey   | Noticed an orc knight
  3090 | Bailey   | Killed an orc knight
  3221 | Bailey   | Noticed an orc warlord
  3245 | Bailey   | Killed an orc warlord
  3245 | Bailey   | Reached **** piety under Okawaru
  3245 | Bailey   | Reached ***** piety under Okawaru
  3246 | Bailey   | Reached skill level 5 in Fighting
  3246 | Bailey   | Reached XP level 11. HP: 84/86 MP: 15/17
  3308 | Bailey   | Reached skill level 12 in Maces & Flails
  3308 | Bailey   | Reached XP level 12. HP: 89/104 MP: 18/18
  3347 | D:9      | Noticed a two-headed ogre
  3352 | D:9      | Killed a two-headed ogre
  3352 | D:9      | Received a gift from Okawaru
  3372 | D:9      | Learned a level 5 spell: Borgnjor's Vile Clutch
  3609 | D:9      | Reached skill level 1 in Earth Magic
  3623 | D:9      | Reached skill level 1 in Necromancy
  3637 | D:9      | Received a gift from Okawaru
  3808 | D:10     | Entered Level 10 of the Dungeon
  3810 | D:10     | Found a staircase to the Lair.
  3816 | D:10     | Reached skill level 10 in Shields
  3824 | D:10     | Reached skill level 13 in Maces & Flails
  3851 | D:10     | Noticed a two-headed ogre
  3857 | D:10     | Received a gift from Okawaru
  3857 | D:10     | Noticed Fannar
  3864 | D:10     | Killed a two-headed ogre
  3876 | D:10     | Killed Fannar
  4101 | D:10     | Noticed a boulder beetle
  4102 | D:10     | Noticed a skeletal warrior
  4117 | D:10     | Killed a skeletal warrior
  4118 | D:10     | Reached XP level 13. HP: 70/113 MP: 15/20
  4148 | D:10     | Killed a boulder beetle
  4149 | D:10     | Reached skill level 10 in Fighting
  4284 | D:10     | Received a gift from Okawaru
  4466 | Lair:1   | Entered Level 1 of the Lair of Beasts
  4514 | Arena    | Entered the Arena
  4544 | Lair:1   | Received a gift from Okawaru
  4810 | Lair:2   | Received a gift from Okawaru
  4827 | Lair:2   | Learned a level 2 spell: Passwall
  4869 | Lair:2   | Reached skill level 5 in Earth Magic
  4873 | Lair:2   | Reached skill level 10 in Throwing
  4902 | Lair:2   | Reached skill level 1 in Transmutations
  4995 | Lair:3   | Noticed a six-headed hydra
  5011 | Lair:3   | Killed a six-headed hydra
  5046 | Lair:3   | Reached skill level 14 in Maces & Flails
  5166 | Lair:3   | Noticed a seven-headed hydra
  5171 | Lair:3   | Received a gift from Okawaru
  5172 | Lair:3   | Reached skill level 5 in Necromancy
  5229 | Lair:3   | Noticed Sonja
  5233 | Lair:3   | Killed a seven-headed hydra
  5233 | Lair:3   | Identified the +4 fustibalus of Dimuog {venom, rC+ rN++}
                  | (Okawaru gifted it to you on level 3 of the Lair of Beasts)
  5233 | Lair:3   | Received a gift from Okawaru
  5234 | Lair:3   | Reached XP level 14. HP: 60/122 MP: 19/22
  5239 | Lair:3   | HP: 4/122 [water moccasin (7)]
  5239 | Lair:3   | Mangled by a cane toad

Illustrated notes

Levels and vault maps discovered:
D:1:      minmay_arrival_semitransparent, layout_basic, minmay_rat_gold_closets
D:2:      wander_river, layout_loops_ring, serial_shops, shop, uniq_jessica,
          uniq_terence
D:3:      minmay_roachtagon, layout_basic,
          mainiacjoe_overflow_concentric_impassable,
          dilly_ecumenical_altar_fadedgnrine, uniq_natasha
D:4:      layout_cave_pools, grunt_dithmenos_smoke, serial_column_ruins,
          column_ruins_square_medium, column_ruins_open_small,
          column_ruins_open_tiny, column_ruins_columns_straight,
          column_ruins_corridor_straight, column_ruins_columns_corner,
          hangedman_feature_mirror
D:5:      layout_cave_pools, mainiacjoe_overflow_alcove_4, minmay_statues_item,
          uniq_menkaure
D:6:      layout_basic, minmay_temple_entry_junction, uniq_grinder,
          uniq_eustachio, uniq_crazy_yiuf_cottage
D:7:      layout_cave_pools, serial_shops, shop, uniq_prince_ribbit1
D:8:      layout_basic, mainiacjoe_overflow_chevrons, enter_bailey_5,
          uniq_joseph
D:9:      layout_gridville
D:10:     hangedman_cross_veins, layout_gridville,
          gammafunk_temple_overflow_pools, orc_0_dummy, uniq_fannar
D:11:     layout_layer_cave, dpeg_stationary_puzzle
Temple:   eino_temple_rhombus
Lair:1:   layout_regular_city, minivault_19, chequers_serial_rivers_micro_e,
          nicolae_lair_lakeside_cave, infiniplex_staircase_pool,
          grunt_megastairs_1
Lair:2:   minmay_guarded_unrand_snakebite, layout_gridlike
Lair:3:   nzn_winding_woodlands_large [nzn_winding_woodlands_hourglass,
          nzn_winding_woodlands_5x15_sawtooth,
          nzn_winding_woodlands_5x5_open_star,
          nzn_winding_woodlands_center_triple_pond,
          nzn_winding_woodlands_15x15_killbox,
          nzn_winding_woodlands_center_pierced_h,
          nzn_winding_woodlands_5x5_closed_star,
          nzn_winding_woodlands_5x15_jagged,
          nzn_winding_woodlands_5x5_perimeter], layout_loops_ring, swamp_mist,
          hellmonk_spider_entry_not_the_bees, nzn_sisyphean_effort, uniq_sonja

Skill      XL: |  1  2  3  4  5  6  7  8  9 10 11 12 13 |
---------------+----------------------------------------+-----
Axes           | 3 |  3.8
Armour         | 4 |  4.0
Shields        | 4 5 6 7 8 9 10 11 | 11.2
Fighting       | 4 5 9 10 | 10.7
Throwing       | 1 3 4 5 7 8 9 10 | 10.0
Maces & Flails | 1 3 4 6 7 8 12 13 14 | 14.1
Invocations    | 2 4 6 8 9 |  9.6
Evocations     | 1 4 5 |  5.1
Dodging        | 1 4 5 |  5.0
Earth Magic    | 3 5 |  5.6
Necromancy     | 2 5 |  5.1
Transmutations | 2 |  2.3

Action                   |  1- 3 |  4- 6 |  7- 9 | 10-12 | 13-15 || total
-------------------------+-------+-------+-------+-------+-------++-------
Melee: War axe           |    56 |    11 |       |       |       ||    67
       Morningstar       |       |    92 |    77 |   209 |   235 ||   613
       Whip              |       |       |    96 |    95 |       ||   191
Throw: Boomerang         |       |     4 |    44 |    33 |    13 ||    94
Invok: Heroism           |       |       |     3 |    14 |     8 ||    25
       Finesse           |       |       |       |     1 |       ||     1
       Duel              |       |       |       |       |     1 ||     1
Evoke: Wand              |       |       |     2 |     2 |     6 ||    10
  Use: Potion            |       |     1 |     2 |     6 |     4 ||    13
       Scroll            |       |     7 |     2 |    13 |     4 ||    26
 Stab: Paralysed         |       |       |     4 |    10 |     1 ||    15
Armor: Scale mail        |    21 |    55 |    43 |       |       ||   119
       Leather armour    |       |       |    13 |    59 |    14 ||    86
       Skin              |       |       |       |     1 |       ||     1
       Troll leather arm |       |       |       |       |    44 ||    44
Dodge: Dodged            |    33 |    35 |    72 |   125 |   132 ||   397
Block: Buckler           |    20 |    29 |    61 |    80 |    14 ||   204
       Kite shield       |       |       |       |       |    96 ||    96

Table legend: (Time is in decaauts)
 A = Elapsed time spent in this place.
 B = Non-inter-level travel time spent in this place.
 C = Inter-level travel time spent in this place.
 D = Time resting spent in this place.
 E = Time spent auto-exploring this place.
 F = Levels seen in this place.
 G = Mean time per level.
                   A        B        C        D        E       F      G
               +--------+--------+--------+--------+--------+-----+--------+
         Total |   5127 |   4704 |    423 |    224 |   2493 |  17 |  301.6 |
       Dungeon |   3852 |   3463 |    389 |      0 |   2033 |  11 |  350.2 |
        Temple |    210 |    199 |     11 |    195 |      0 |   1 |  210.0 |
          Lair |    737 |    715 |     22 |      0 |    446 |   3 |  245.7 |
        Bailey |    315 |    315 |      0 |     29 |     13 |   1 |  315.0 |
         Arena |     12 |     12 |      0 |      0 |      0 |   1 |   12.0 |
               +--------+--------+--------+--------+--------+-----+--------+

Top non-repeatable levels by time:
     D:3: 591 daAuts
    D:10: 515 daAuts
     D:9: 506 daAuts
     D:2: 500 daAuts
     D:6: 421 daAuts
     D:1: 354 daAuts
  Bailey: 315 daAuts
     D:4: 315 daAuts
  Lair:1: 271 daAuts
  Lair:3: 244 daAuts
  Lair:2: 221 daAuts
     D:5: 220 daAuts
     D:7: 217 daAuts
  Temple: 210 daAuts
     D:8: 206 daAuts
